Blues vs Golden Knights
Created - June 9, 2023 at 19:01
Goals
|
| Blues |
1 |
1 |
0 |
2 |
| Golden Knights |
1 |
4 |
2 |
7 |
|
Shots
|
| Blues |
5 |
14 |
11 |
30 |
| Golden Knights |
10 |
10 |
16 |
36 |
|
1st period
1. Blues , Filip Forsberg 1 (Jacob Slavin 2) at 7:58
2. Golden Knights , Luke Glendening 1 (Lawson Crouse 1) at 8:58
Penalties :
Danton Heinen (Stl) for Hooking (Minor) at 9:51, Andrei Loktionov (Veg) for Interference (Minor) at 14:06
2nd period
3. Blues , Linus Omark 1 (Seth Jones 2, Samuel Morin 2) at 3:54
4. Golden Knights , Steven Stamkos 2 (Olli Maatta 1, Christopher Tanev 1) at 4:32
5. Golden Knights , Jordan Eberle 1 (Steven Stamkos 3) at 5:09
6. Golden Knights , Tom Wilson 1 (Christopher Tanev 2) at 6:40
7. Golden Knights , Steven Stamkos 3 (Jordan Eberle 3) at 15:57
Penalties :
Olli Maatta (Veg) for Slashing (Minor) at 1:16, Alexander Radulov (Veg) for Hooking (Minor) at 11:32, Steven Stamkos (Veg) for Hooking (Minor) at 17:30
3rd period
8. Golden Knights , Steven Stamkos 4 (Zach Bogosian 1, Jake Guentzel 2) at 8:45
9. Golden Knights , Luke Glendening 2 (Zach Bogosian 2) at 10:53
Penalties :
Jamie Benn (Veg) for Tripping (Minor) at 1:44, Jake Guentzel (Veg) for Charging (Minor) at 13:55, Jamie Benn (Veg) for Roughing (Minor) at 18:14
Goalie Stats
Carey Price (Stl), 10 saves from 14 shots - (0.714), L, 1-2-0, 26:40 minutes
Thomas McCollum (Stl), 19 saves from 22 shots - (0.864), 33:20 minutes
Ondrej Pavelec (Veg), 28 saves from 30 shots - (0.933), W, 2-0-1, 60:00 minutes
Players Stats for Blues
Player Name G A P +/- PIM S H SB GA TA FO MP PP MP PK MP
------------------------------------------------------------------------------------
Adam Henrique 0 0 0 -2 0 2 2 2 0 0 17/35 23:58 7:44 0:27
Alex Pietrangelo 0 0 0 -3 0 1 1 3 0 1 0/0 28:16 7:54 0:49
Brandon Montour 0 0 0 -3 0 0 1 1 0 1 0/0 17:50 5:45 0:00
Cody Ceci 0 0 0 1 0 1 0 1 0 0 0/0 13:54 0:00 1:10
Danton Heinen 0 0 0 0 2 2 1 0 0 0 0/0 6:17 0:00 0:00
David Perron 0 0 0 -3 0 2 3 2 1 0 0/0 19:07 5:49 0:18
Devin Setoguchi 0 0 0 0 0 0 0 0 0 0 0/0 9:30 0:13 0:00
Drew Shore 0 0 0 0 0 1 3 0 0 0 3/6 10:07 0:00 0:57
Filip Forsberg 1 0 1 -2 0 7 3 0 1 0 0/2 23:31 7:44 0:00
Jacob Slavin 0 1 1 -3 0 2 1 1 2 0 0/0 28:16 7:54 0:49
Linus Omark 1 0 1 0 0 3 1 0 0 0 3/4 7:06 0:06 0:35
Martin Marincin 0 0 0 -2 0 1 0 1 0 0 0/0 11:04 0:00 1:10
Matt Martin 0 0 0 0 0 0 1 0 0 0 0/0 9:10 0:00 0:00
Nathan MacKinnon 0 0 0 -3 0 2 1 0 0 1 8/12 18:49 5:49 0:00
Nikolaj Ehlers 0 0 0 -3 0 1 0 0 0 0 0/2 18:47 5:47 0:00
Samuel Morin 0 1 1 0 0 1 1 0 0 0 0/1 6:53 0:00 0:35
Seth Jones 0 1 1 0 0 1 2 2 0 0 0/0 20:40 5:45 0:00
Tyler Johnson 0 0 0 -2 0 3 2 0 1 1 1/2 24:45 7:45 1:06
Players Stats for Golden Knights
Player Name G A P +/- PIM S H SB GA TA FO MP PP MP PK MP
------------------------------------------------------------------------------------
Alexander Radulov 0 0 0 0 2 2 3 2 0 0 1/2 13:17 1:01 0:00
Andrei Loktionov 0 0 0 0 2 2 2 1 2 3 10/18 18:31 1:01 4:50
Andrew Cogliano 0 0 0 0 0 0 2 2 0 0 0/1 19:47 1:01 5:52
Anton Lindholm 0 0 0 1 0 0 0 0 0 0 0/0 9:23 0:00 0:49
Christopher Tanev 0 2 2 3 0 0 1 0 0 0 0/0 21:47 1:12 5:42
Jake Guentzel 0 1 1 3 2 2 2 0 1 0 2/5 22:58 0:58 5:52
Jamie Benn 0 0 0 1 4 0 0 0 0 0 1/1 10:59 0:00 1:40
Jamie Oleksiak 0 0 0 1 0 1 1 1 0 0 0/0 10:17 0:00 1:43
Jordan Eberle 1 1 2 3 0 4 4 1 0 0 0/1 17:00 0:58 0:00
Kyle Rau 0 0 0 1 0 0 1 0 0 0 5/6 11:17 0:00 2:26
Lawson Crouse 0 1 1 1 0 1 0 0 0 1 0/0 7:05 0:00 0:23
Luke Glendening 2 0 2 1 0 4 0 1 0 0 0/0 6:35 0:00 0:00
Mathew Dumba 0 0 0 1 0 4 1 4 0 0 0/0 29:03 0:47 7:21
Olli Maatta 0 1 1 3 2 2 0 2 0 0 0/0 20:53 1:12 4:22
Steven Stamkos 3 1 4 3 2 7 0 0 0 1 13/29 23:13 0:58 6:01
Tom Wilson 1 0 1 1 0 2 0 0 1 0 0/0 8:17 0:00 0:00
Tomas Nosek 0 0 0 1 0 0 1 0 0 0 0/1 6:49 0:00 0:14
Zach Bogosian 0 2 2 1 0 5 2 2 0 0 0/0 29:03 0:47 7:21
3 Stars
1 - Steven Stamkos (Veg)
2 - Jordan Eberle (Veg)
3 - Luke Glendening (Veg)
Power Play
Blues - 0 on 7 Attempt(s) - 0.00%
Golden Knights - 0 on 1 Attempt(s) - 0.00%
Penalty Kill
Blues - 1 on 1 Attempt(s) - 100.00%
- Score 0 goal in Penalty Kill
Golden Knights - 7 on 7 Attempt(s) - 100.00%
- Score 0 goal in Penalty Kill
Team Stat
Blues - Hits : 23 - Faceoff Wins : 32 - Blocked Shots : 13 - Penalty Minutes : 2
Golden Knights - Hits : 20 - Faceoff Wins : 32 - Blocked Shots : 16 - Penalty Minutes : 14
Official
Referees : Ghislain Hebert and Tim Peel
Linesman : Greg Devorski and Pierre Racicot
Game Notes
Thomas McCollum enters game at 6:40 of 2nd period
15:47 of 2nd period - Blues goal is going for a video replay. After video review, No Goal. The net was displaced accidentally.
Steven Stamkos has scored a Hat Trick!
Finance
Level 1 -- Attendance: 6000 (100.00%) -- Ticket Income $600,000
Level 2 -- Attendance: 5000 (100.00%) -- Ticket Income $300,000
Level 3 -- Attendance: 2000 (100.00%) -- Ticket Income $70,000
Level 4 -- Attendance: 4000 (100.00%) -- Ticket Income $100,000
Luxury Box -- Attendance: 1000 (100.00%) -- Ticket Income $200,000
Game was played at the T-Mobile Arena.
Total Attendance: 18000 (100.00%)
Total Ticket Income: $1,270,000
Other Income: $190,500
Total Income: $1,460,500
Blues
5 vs 5 Forward
Center Left Wing Right Wing Time % Phy DF OF
1 Adam Henrique Filip Forsberg Tyler Johnson 40 0 2 3
2 Nathan MacKinnon David Perron Nikolaj Ehlers 30 0 2 3
3 Drew Shore Matt Martin Devin Setoguchi 20 1 2 2
4 Linus Omark Samuel Morin Danton Heinen 10 0 3 2
5 vs 5 Defense
Defense Defense Time % Phy DF OF
1 Alex Pietrangelo Jacob Slavin 40 1 2 2
2 Cody Ceci Seth Jones 30 1 2 2
3 Martin Marincin Brandon Montour 20 1 2 2
4 Seth Jones Brandon Montour 10 1 2 2
PowerPlay Forward
Center Left Wing Right Wing Time % Phy DF OF
1 Adam Henrique Filip Forsberg Tyler Johnson 60 0 2 3
2 Nathan MacKinnon David Perron Nikolaj Ehlers 40 0 2 3
PowerPlay Defense
Defense Defense Time % Phy DF OF
1 Alex Pietrangelo Jacob Slavin 60 0 2 3
2 Brandon Montour Seth Jones 40 0 2 3
Penalty Kill 4 Players Forward
Center Wing Time % Phy DF OF
1 Drew Shore Tyler Johnson 60 1 3 1
2 Linus Omark Samuel Morin 40 1 3 1
Penalty Kill 4 Players Defense
Defense Defense Time % Phy DF OF
1 Cody Ceci Martin Marincin 60 1 2 2
2 Jacob Slavin Alex Pietrangelo 40 1 2 2
Penalty Kill - 3 Players Forward
Forward Time % Phy DF OF
1 Drew Shore 60 1 2 2
2 Linus Omark 40 1 2 2
Penalty Kill - 3 Players Defense
Defense Defense Time % Phy DF OF
1 Cody Ceci Martin Marincin 60 1 2 2
2 Seth Jones Brandon Montour 40 1 2 2
4 vs 4 Forward
Center Wing Time % Phy DF OF
1 Adam Henrique Filip Forsberg 60 1 2 2
2 Nathan MacKinnon Tyler Johnson 40 1 2 2
4 vs 4 Defense
Defense Defense Time % Phy DF OF
1 Alex Pietrangelo Martin Marincin 60 1 2 2
2 Brandon Montour Seth Jones 40 1 2 2
Last Minutes Offensive
Center Left Wing Right Wing Defense Defense
Nathan MacKinnon Filip Forsberg Tyler Johnson Alex Pietrangelo Seth Jones
Last Minutes Defensive
Center Left Wing Right Wing Defense Defense
Drew Shore Samuel Morin Tyler Johnson Cody Ceci Martin Marincin
Goaltenders
Starting : Carey Price
Backup : Thomas McCollum
Extra Forwards
Normal : Nikolaj Ehlers, Linus Omark, Danton Heinen - PP : Devin Setoguchi, Linus Omark - PK : Tyler Johnson
Extra Defensemen
Normal : Martin Marincin, Brandon Montour, Jacob Slavin - PP : Brandon Montour - PK : Alex Pietrangelo, Brandon Montour
Penalty Shots
David Perron, Matt Martin, Filip Forsberg, Linus Omark, Tyler Johnson
Scratches
Devin Shore (Broken Left Index Finger Injury), Patrick Kaleta (Healthy)
Golden Knights
5 vs 5 Forward
Center Left Wing Right Wing Time % Phy DF OF
1 Steven Stamkos Jake Guentzel Jordan Eberle 40 1 2 2
2 Andrei Loktionov Andrew Cogliano Alexander Radulov 30 1 2 2
3 Kyle Rau Jamie Benn Tom Wilson 20 1 2 2
4 Tomas Nosek Lawson Crouse Luke Glendening 10 1 2 2
5 vs 5 Defense
Defense Defense Time % Phy DF OF
1 Zach Bogosian Mathew Dumba 40 1 2 2
2 Olli Maatta Christopher Tanev 30 1 2 2
3 Jamie Oleksiak Anton Lindholm 20 1 2 2
4 Zach Bogosian Mathew Dumba 10 1 2 2
PowerPlay Forward
Center Left Wing Right Wing Time % Phy DF OF
1 Steven Stamkos Jake Guentzel Jordan Eberle 60 1 2 2
2 Andrei Loktionov Andrew Cogliano Alexander Radulov 40 1 2 2
PowerPlay Defense
Defense Defense Time % Phy DF OF
1 Zach Bogosian Mathew Dumba 60 1 2 2
2 Olli Maatta Christopher Tanev 40 1 2 2
Penalty Kill 4 Players Forward
Center Wing Time % Phy DF OF
1 Steven Stamkos Jake Guentzel 60 1 2 2
2 Andrei Loktionov Andrew Cogliano 40 1 2 2
Penalty Kill 4 Players Defense
Defense Defense Time % Phy DF OF
1 Zach Bogosian Mathew Dumba 60 1 2 2
2 Olli Maatta Christopher Tanev 40 1 2 2
Penalty Kill - 3 Players Forward
Forward Time % Phy DF OF
1 Steven Stamkos 60 1 2 2
2 Andrei Loktionov 40 1 2 2
Penalty Kill - 3 Players Defense
Defense Defense Time % Phy DF OF
1 Zach Bogosian Mathew Dumba 60 1 2 2
2 Olli Maatta Christopher Tanev 40 1 2 2
4 vs 4 Forward
Center Wing Time % Phy DF OF
1 Steven Stamkos Jake Guentzel 60 1 2 2
2 Andrei Loktionov Andrew Cogliano 40 1 2 2
4 vs 4 Defense
Defense Defense Time % Phy DF OF
1 Zach Bogosian Mathew Dumba 60 1 2 2
2 Olli Maatta Christopher Tanev 40 1 2 2
Last Minutes Offensive
Center Left Wing Right Wing Defense Defense
Steven Stamkos Jake Guentzel Jordan Eberle Zach Bogosian Mathew Dumba
Last Minutes Defensive
Center Left Wing Right Wing Defense Defense
Steven Stamkos Jake Guentzel Jordan Eberle Zach Bogosian Mathew Dumba
Goaltenders
Starting : Ondrej Pavelec
Backup : Laurent Brossoit
Extra Forwards
Normal : Andrew Cogliano, Jamie Benn, Alexander Radulov - PP : Andrew Cogliano, Jamie Benn - PK : Andrew Cogliano
Extra Defensemen
Normal : Christopher Tanev, Jamie Oleksiak, Anton Lindholm - PP : Christopher Tanev - PK : Christopher Tanev, Jamie Oleksiak
Penalty Shots
Steven Stamkos, Jordan Eberle, Jake Guentzel, Andrei Loktionov, Andrew Cogliano
Scratches
None
% Time on Ice - Blues
Lines # - Real PCT - Wanted PCT - Time Play
Normal Forward
1 - 36% - 40% - 15:54
2 - 29% - 30% - 13:00
3 - 21% - 20% - 9:10
4 - 14% - 10% - 6:18
Normal Defense
1 - 45% - 40% - 19:52
2 - 31% - 30% - 13:47
3 - 20% - 20% - 8:45
4 - 4% - 10% - 1:58
PP Forward
1 - 57% - 60% - 7:45
2 - 43% - 40% - 5:54
PP Defense
1 - 58% - 60% - 7:54
2 - 42% - 40% - 5:45
PK Forward
1 - 71% - 60% - 1:24
2 - 29% - 40% - 0:35
PK Defense
1 - 59% - 60% - 1:10
2 - 41% - 40% - 0:49
PK3 Forward
1 - 0% - 60%
2 - 0% - 40%
PK3 Defense
1 - 0% - 60%
2 - 0% - 40%
44 Forward
1 - 0% - 60%
2 - 0% - 40%
44 Defense
1 - 0% - 60%
2 - 0% - 40%
Last Minute Offensive - 0:00
Last Minute Defensive - 0:00
Total
Forward - 60:00
Defense - 60:00
|
% Time on Ice - Golden Knights
Lines # - Real PCT - Wanted PCT - Time Play
Normal Forward
1 - 38% - 40% - 16:49
2 - 29% - 30% - 12:41
3 - 19% - 20% - 8:17
4 - 15% - 10% - 6:35
Normal Defense
1 - 43% - 40% - 18:52
2 - 34% - 30% - 14:53
3 - 19% - 20% - 8:34
4 - 5% - 10% - 2:03
PP Forward
1 - 49% - 60% - 0:58
2 - 51% - 40% - 1:01
PP Defense
1 - 39% - 60% - 0:47
2 - 61% - 40% - 1:12
PK Forward
1 - 82% - 60% - 11:09
2 - 18% - 40% - 2:30
PK Defense
1 - 58% - 60% - 7:57
2 - 42% - 40% - 5:42
PK3 Forward
1 - 0% - 60%
2 - 0% - 40%
PK3 Defense
1 - 0% - 60%
2 - 0% - 40%
44 Forward
1 - 0% - 60%
2 - 0% - 40%
44 Defense
1 - 0% - 60%
2 - 0% - 40%
Last Minute Offensive - 0:00
Last Minute Defensive - 0:00
Total
Forward - 60:00
Defense - 60:00
|
Play-by-Play
1st period
0:01 of 1st period - Adam Henrique wins face-off versus Steven Stamkos in neutral zone.
0:04 of 1st period - Snap shot by Filip Forsberg.
0:04 of 1st period - Shot Hit the Post.
0:12 of 1st period - Slapshot by Jake Guentzel.
0:12 of 1st period - Stopped by Carey Price without a rebound.
0:13 of 1st period - Nathan MacKinnon wins face-off versus Andrew Cogliano in Blues zone.
0:27 of 1st period - Wrist shot by Andrew Cogliano.
0:27 of 1st period - Shot Blocked by Cody Ceci.
0:29 of 1st period - Slapshot by Christopher Tanev.
0:29 of 1st period - Shot Misses the Net.
0:39 of 1st period - Jamie Benn is hit by Matt Martin and loses puck.
1:06 of 1st period - Snap shot by Steven Stamkos.
1:06 of 1st period - Stopped by Carey Price with a rebound.
1:08 of 1st period - Slapshot by Olli Maatta.
1:08 of 1st period - Stopped by Carey Price without a rebound.
1:09 of 1st period - Linus Omark wins face-off versus Jake Guentzel in Blues zone.
1:20 of 1st period - Mathew Dumba is hit by Danton Heinen and loses puck.
1:33 of 1st period - Adam Henrique is hit by Jordan Eberle and loses puck.
1:48 of 1st period - Wrist shot by Jake Guentzel.
1:48 of 1st period - Shot Misses the Net.
1:50 of 1st period - Slapshot by Jamie Oleksiak.
1:50 of 1st period - Stopped by Carey Price without a rebound.
1:51 of 1st period - Andrei Loktionov wins face-off versus Nathan MacKinnon in Blues zone.
1:56 of 1st period - Wrist shot by Andrei Loktionov.
1:56 of 1st period - Stopped by Carey Price with a rebound.
1:58 of 1st period - Slapshot by Mathew Dumba.
1:58 of 1st period - Shot Blocked by Seth Jones.
2:00 of 1st period - Wrist shot by Alexander Radulov.
2:00 of 1st period - Shot Blocked by Brandon Montour.
2:46 of 1st period - Slapshot by Seth Jones.
2:46 of 1st period - Stopped by Ondrej Pavelec without a rebound.
2:47 of 1st period - Drew Shore wins face-off versus Alexander Radulov in Golden Knights zone.
3:02 of 1st period - Snap shot by Drew Shore.
3:02 of 1st period - Shot Blocked by Alexander Radulov.
4:09 of 1st period - Tomas Nosek is hit by David Perron and loses puck.
5:31 of 1st period - Snap shot by Nathan MacKinnon.
5:31 of 1st period - Stopped by Ondrej Pavelec without a rebound.
5:32 of 1st period - Adam Henrique wins face-off versus Steven Stamkos in Golden Knights zone.
5:39 of 1st period - Snap shot by Jake Guentzel.
5:39 of 1st period - Deflect By Cody Ceci.
5:39 of 1st period - Stopped by Carey Price without a rebound.
5:40 of 1st period - Steven Stamkos wins face-off versus Tyler Johnson in Blues zone.
5:43 of 1st period - Slapshot by Steven Stamkos.
5:43 of 1st period - Stopped by Carey Price without a rebound.
5:44 of 1st period - Steven Stamkos wins face-off versus Adam Henrique in Blues zone.
5:59 of 1st period - Slapshot by Jake Guentzel.
5:59 of 1st period - Shot Hit the Post.
6:05 of 1st period - Jacob Slavin is hit by Zach Bogosian and loses puck.
6:24 of 1st period - Jacob Slavin is hit by Jake Guentzel.
6:28 of 1st period - Zach Bogosian is hit by Filip Forsberg.
6:32 of 1st period - Tyler Johnson is hit by Mathew Dumba and loses puck.
6:44 of 1st period - Wrist shot by Tyler Johnson.
6:44 of 1st period - Shot Misses the Net.
6:46 of 1st period - Snap shot by Jacob Slavin.
6:46 of 1st period - Shot Blocked by Mathew Dumba.
7:04 of 1st period - Adam Henrique is hit by Jake Guentzel and loses puck.
7:58 of 1st period - Wrist shot by Filip Forsberg.
7:58 of 1st period - Goal by Filip Forsberg - Blues : 1 - Golden Knights : 0.
7:59 of 1st period - Andrei Loktionov wins face-off versus Drew Shore in neutral zone.
8:58 of 1st period - Wrist shot by Luke Glendening.
8:58 of 1st period - Goal by Luke Glendening - Blues : 1 - Golden Knights : 1.
8:59 of 1st period - Andrei Loktionov wins face-off versus Drew Shore in neutral zone.
9:02 of 1st period - Cody Ceci is hit by Christopher Tanev and loses puck.
9:11 of 1st period - Snap shot by Drew Shore.
9:11 of 1st period - Deflect By Andrei Loktionov.
9:11 of 1st period - Shot Misses the Net.
9:11 of 1st period - Puck is out of play.
9:12 of 1st period - Drew Shore wins face-off versus Andrei Loktionov in Golden Knights zone.
9:22 of 1st period - Off-side.
9:23 of 1st period - Andrei Loktionov wins face-off versus Samuel Morin in neutral zone.
9:28 of 1st period - Slapshot by Zach Bogosian.
9:28 of 1st period - Stopped by Carey Price without a rebound.
9:29 of 1st period - Linus Omark wins face-off versus Andrei Loktionov in Blues zone.
9:51 of 1st period - Minor Penalty to Danton Heinen for Hooking.
9:52 of 1st period - Drew Shore wins face-off versus Steven Stamkos in Blues zone.
11:51 of 1st period - Penalty to Danton Heinen is over, Danton Heinen is back on ice.
11:58 of 1st period - Wrist shot by Nathan MacKinnon.
11:58 of 1st period - Shot Blocked by Mathew Dumba.
12:00 of 1st period - Slapshot by David Perron.
12:00 of 1st period - Stopped by Ondrej Pavelec with a rebound.
13:08 of 1st period - Snap shot by Alex Pietrangelo.
13:08 of 1st period - Shot Misses the Net.
13:22 of 1st period - Snap shot by Luke Glendening.
13:22 of 1st period - Stopped by Carey Price without a rebound.
13:23 of 1st period - Adam Henrique wins face-off versus Tomas Nosek in Blues zone.
14:06 of 1st period - Minor Penalty to Andrei Loktionov for Interference.
14:07 of 1st period - Adam Henrique wins face-off versus Steven Stamkos in Golden Knights zone.
16:06 of 1st period - Penalty to Andrei Loktionov is over, Andrei Loktionov is back on ice.
16:35 of 1st period - Anton Lindholm is hit by Samuel Morin and loses puck.
18:09 of 1st period - Tom Wilson is hit by Adam Henrique.
18:42 of 1st period - Seth Jones is hit by Alexander Radulov.
18:56 of 1st period - Snap shot by Tom Wilson.
18:56 of 1st period - Shot Misses the Net.
19:22 of 1st period - Snap shot by Jacob Slavin.
19:22 of 1st period - Stopped by Ondrej Pavelec without a rebound.
19:23 of 1st period - Steven Stamkos wins face-off versus Nikolaj Ehlers in Golden Knights zone.
19:50 of 1st period - Tyler Johnson is hit by Andrew Cogliano and loses puck.
Goals for this period are 1 for Blues vs 1 for Golden Knights.
Shots for this period are 5 for Blues vs 10 for Golden Knights.
2nd period
0:01 of 2nd period - Adam Henrique wins face-off versus Jake Guentzel in neutral zone.
0:14 of 2nd period - Snap shot by Steven Stamkos.
0:14 of 2nd period - Shot Blocked by Adam Henrique.
0:57 of 2nd period - Snap shot by Jamie Benn.
0:57 of 2nd period - Shot Misses the Net.
0:59 of 2nd period - Slapshot by Mathew Dumba.
0:59 of 2nd period - Stopped by Carey Price with a rebound.
1:16 of 2nd period - Minor Penalty to Olli Maatta for Slashing.
1:17 of 2nd period - Steven Stamkos wins face-off versus Adam Henrique in Golden Knights zone.
3:16 of 2nd period - Penalty to Olli Maatta is over, Olli Maatta is back on ice.
3:17 of 2nd period - Icing by Jamie Oleksiak.
3:18 of 2nd period - Kyle Rau wins face-off versus Adam Henrique in Golden Knights zone.
3:23 of 2nd period - Slapshot by Zach Bogosian.
3:23 of 2nd period - Shot Misses the Net.
3:37 of 2nd period - Olli Maatta is hit by Drew Shore and loses puck.
3:52 of 2nd period - Slapshot by Seth Jones.
3:52 of 2nd period - Shot Misses the Net.
3:54 of 2nd period - Slapshot by Linus Omark.
3:54 of 2nd period - Goal by Linus Omark - Blues : 2 - Golden Knights : 1.
3:55 of 2nd period - Adam Henrique wins face-off versus Steven Stamkos in neutral zone.
3:58 of 2nd period - Snap shot by Filip Forsberg.
3:58 of 2nd period - Shot Misses the Net.
4:00 of 2nd period - Slapshot by Filip Forsberg.
4:00 of 2nd period - Stopped by Ondrej Pavelec without a rebound.
4:01 of 2nd period - Tyler Johnson wins face-off versus Steven Stamkos in Golden Knights zone.
4:14 of 2nd period - Snap shot by Filip Forsberg.
4:14 of 2nd period - Stopped by Ondrej Pavelec without a rebound.
4:15 of 2nd period - Adam Henrique wins face-off versus Steven Stamkos in Golden Knights zone.
4:20 of 2nd period - Snap shot by Tyler Johnson.
4:20 of 2nd period - Stopped by Ondrej Pavelec with a rebound.
4:32 of 2nd period - Wrist shot by Steven Stamkos.
4:32 of 2nd period - Goal by Steven Stamkos - Blues : 2 - Golden Knights : 2.
4:33 of 2nd period - Alexander Radulov wins face-off versus Adam Henrique in neutral zone.
4:38 of 2nd period - Wrist shot by Andrei Loktionov.
4:38 of 2nd period - Shot Misses the Net.
4:40 of 2nd period - Backhand shot by Andrei Loktionov.
4:40 of 2nd period - Shot Misses the Net.
4:50 of 2nd period - Snap shot by Andrei Loktionov.
4:50 of 2nd period - Shot Blocked by Adam Henrique.
5:00 of 2nd period - Jordan Eberle is hit by David Perron and loses puck.
5:09 of 2nd period - Wrist shot by Jordan Eberle.
5:09 of 2nd period - Goal by Jordan Eberle - Blues : 2 - Golden Knights : 3.
5:10 of 2nd period - Adam Henrique wins face-off versus Steven Stamkos in neutral zone.
5:13 of 2nd period - Jake Guentzel is hit by Tyler Johnson and loses puck.
5:18 of 2nd period - Slapshot by Filip Forsberg.
5:18 of 2nd period - Stopped by Ondrej Pavelec with a rebound.
5:20 of 2nd period - Snap shot by Tyler Johnson.
5:20 of 2nd period - Deflect By Filip Forsberg.
5:20 of 2nd period - Shot Blocked by Olli Maatta.
5:20 of 2nd period - Puck is out of play.
5:21 of 2nd period - Andrei Loktionov wins face-off versus Adam Henrique in Golden Knights zone.
6:16 of 2nd period - Slapshot by Olli Maatta.
6:16 of 2nd period - Shot Misses the Net.
6:40 of 2nd period - Snap shot by Tom Wilson.
6:40 of 2nd period - Goal by Tom Wilson - Blues : 2 - Golden Knights : 4.
6:40 of 2nd period - Thomas McCollum enters game.
6:41 of 2nd period - Steven Stamkos wins face-off versus Nathan MacKinnon in neutral zone.
6:48 of 2nd period - Snap shot by Jordan Eberle.
6:48 of 2nd period - Stopped by Thomas McCollum with a rebound.
6:50 of 2nd period - Wrist shot by Jordan Eberle.
6:50 of 2nd period - Shot Misses the Net.
6:52 of 2nd period - Snap shot by Mathew Dumba.
6:52 of 2nd period - Stopped by Thomas McCollum without a rebound.
6:53 of 2nd period - Nathan MacKinnon wins face-off versus Steven Stamkos in Blues zone.
7:06 of 2nd period - Wrist shot by Steven Stamkos.
7:06 of 2nd period - Shot Blocked by Seth Jones.
7:47 of 2nd period - Jamie Benn is hit by Brandon Montour and loses puck.
8:00 of 2nd period - Wrist shot by Luke Glendening.
8:00 of 2nd period - Stopped by Thomas McCollum with a rebound.
8:16 of 2nd period - Mathew Dumba is hit by Jacob Slavin and loses puck.
8:23 of 2nd period - David Perron is hit by Jordan Eberle and loses puck.
8:40 of 2nd period - Snap shot by Devin Setoguchi.
8:40 of 2nd period - Shot Misses the Net.
8:42 of 2nd period - Slapshot by Devin Setoguchi.
8:42 of 2nd period - Shot Blocked by Zach Bogosian.
8:44 of 2nd period - Slapshot by Alex Pietrangelo.
8:44 of 2nd period - Deflect By Devin Setoguchi.
8:44 of 2nd period - Shot Blocked by Alexander Radulov.
8:44 of 2nd period - Puck is out of play.
8:45 of 2nd period - Andrei Loktionov wins face-off versus Adam Henrique in Golden Knights zone.
8:45 of 2nd period - Andrei Loktionov is hit by Filip Forsberg.
8:59 of 2nd period - Wrist shot by Filip Forsberg.
8:59 of 2nd period - Shot Misses the Net.
9:01 of 2nd period - Slapshot by Cody Ceci.
9:01 of 2nd period - Shot Hit the Post.
9:16 of 2nd period - Jake Guentzel is hit by David Perron and loses puck.
9:39 of 2nd period - Wrist shot by Devin Setoguchi.
9:39 of 2nd period - Shot Blocked by Jamie Oleksiak.
10:11 of 2nd period - Slapshot by Jacob Slavin.
10:11 of 2nd period - Stopped by Ondrej Pavelec with a rebound.
10:23 of 2nd period - Tyler Johnson is hit by Andrew Cogliano and loses puck.
10:34 of 2nd period - Alex Pietrangelo is hit by Jordan Eberle and loses puck.
10:41 of 2nd period - Snap shot by Steven Stamkos.
10:41 of 2nd period - Shot Blocked by Alex Pietrangelo.
10:43 of 2nd period - Wrist shot by Jordan Eberle.
10:43 of 2nd period - Stopped by Thomas McCollum with a rebound.
10:45 of 2nd period - Slapshot by Mathew Dumba.
10:45 of 2nd period - Shot Blocked by Alex Pietrangelo.
11:18 of 2nd period - Snap shot by Andrei Loktionov.
11:18 of 2nd period - Stopped by Thomas McCollum with a rebound.
11:32 of 2nd period - Minor Penalty to Alexander Radulov for Hooking.
11:33 of 2nd period - Jake Guentzel wins face-off versus Adam Henrique in Golden Knights zone.
11:33 of 2nd period - Jake Guentzel is hit by Adam Henrique.
11:59 of 2nd period - Jake Guentzel is hit by Seth Jones and loses puck.
13:32 of 2nd period - Penalty to Alexander Radulov is over, Alexander Radulov is back on ice.
13:37 of 2nd period - David Perron is hit by Alexander Radulov and loses puck.
14:00 of 2nd period - Olli Maatta is hit by Drew Shore and loses puck.
14:37 of 2nd period - Alex Pietrangelo is hit by Andrei Loktionov and loses puck.
15:21 of 2nd period - Wrist shot by Danton Heinen.
15:21 of 2nd period - Deflect By Linus Omark.
15:21 of 2nd period - Stopped by Ondrej Pavelec with a rebound.
15:23 of 2nd period - Slapshot by Cody Ceci.
15:23 of 2nd period - Stopped by Ondrej Pavelec without a rebound.
15:24 of 2nd period - Linus Omark wins face-off versus Kyle Rau in Golden Knights zone.
15:27 of 2nd period - Slapshot by Danton Heinen.
15:27 of 2nd period - Stopped by Ondrej Pavelec without a rebound.
15:28 of 2nd period - Kyle Rau wins face-off versus Linus Omark in Golden Knights zone.
15:43 of 2nd period - Backhand shot by Linus Omark.
15:43 of 2nd period - Shot Misses the Net.
15:45 of 2nd period - Wrist shot by Samuel Morin.
15:45 of 2nd period - Shot Misses the Net.
15:47 of 2nd period - Wrist shot by Linus Omark.
15:47 of 2nd period - Deflect By Samuel Morin.
15:47 of 2nd period - Blues goal is going for a video replay.
15:47 of 2nd period - The goal is refused. The net was displaced accidentally..
15:48 of 2nd period - Steven Stamkos wins face-off versus Adam Henrique in Golden Knights zone.
15:54 of 2nd period - Off-side.
15:55 of 2nd period - Steven Stamkos wins face-off versus Adam Henrique in neutral zone.
15:55 of 2nd period - Jordan Eberle is hit by Filip Forsberg.
15:57 of 2nd period - Slapshot by Steven Stamkos.
15:57 of 2nd period - Goal by Steven Stamkos - Blues : 2 - Golden Knights : 5.
15:58 of 2nd period - Adam Henrique wins face-off versus Steven Stamkos in neutral zone.
16:05 of 2nd period - Slapshot by Filip Forsberg.
16:05 of 2nd period - Stopped by Ondrej Pavelec without a rebound.
16:06 of 2nd period - Steven Stamkos wins face-off versus Filip Forsberg in Golden Knights zone.
16:21 of 2nd period - Snap shot by Tyler Johnson.
16:21 of 2nd period - Stopped by Ondrej Pavelec without a rebound.
16:22 of 2nd period - Nathan MacKinnon wins face-off versus Andrei Loktionov in Golden Knights zone.
16:27 of 2nd period - Snap shot by David Perron.
16:27 of 2nd period - Shot Blocked by Zach Bogosian.
16:29 of 2nd period - Snap shot by Nathan MacKinnon.
16:29 of 2nd period - Shot Blocked by Mathew Dumba.
16:39 of 2nd period - Wrist shot by Nathan MacKinnon.
16:39 of 2nd period - Shot Blocked by Andrei Loktionov.
17:14 of 2nd period - Anton Lindholm is hit by Linus Omark and loses puck.
17:25 of 2nd period - Backhand shot by Seth Jones.
17:25 of 2nd period - Deflect By Danton Heinen.
17:25 of 2nd period - Stopped by Ondrej Pavelec with a rebound.
17:27 of 2nd period - Snap shot by Linus Omark.
17:27 of 2nd period - Stopped by Ondrej Pavelec without a rebound.
17:28 of 2nd period - Steven Stamkos wins face-off versus Adam Henrique in Golden Knights zone.
17:30 of 2nd period - Minor Penalty to Steven Stamkos for Hooking.
17:31 of 2nd period - Andrei Loktionov wins face-off versus Adam Henrique in Golden Knights zone.
19:19 of 2nd period - Tyler Johnson is hit by Tomas Nosek and loses puck.
19:30 of 2nd period - Penalty to Steven Stamkos is over, Steven Stamkos is back on ice.
19:53 of 2nd period - Steven Stamkos is hit by Drew Shore and loses puck.
Goals for this period are 1 for Blues vs 4 for Golden Knights.
Shots for this period are 14 for Blues vs 10 for Golden Knights.
3rd period
0:01 of 3rd period - Steven Stamkos wins face-off versus Filip Forsberg in neutral zone.
0:06 of 3rd period - Filip Forsberg is hit by Jordan Eberle and loses puck.
0:15 of 3rd period - Snap shot by Filip Forsberg.
0:15 of 3rd period - Deflect By Tyler Johnson.
0:15 of 3rd period - Shot Blocked by Mathew Dumba.
0:15 of 3rd period - Puck is out of play.
0:16 of 3rd period - Andrei Loktionov wins face-off versus Nathan MacKinnon in Golden Knights zone.
0:44 of 3rd period - Wrist shot by Devin Setoguchi.
0:44 of 3rd period - Shot Misses the Net.
0:46 of 3rd period - Backhand shot by Drew Shore.
0:46 of 3rd period - Stopped by Ondrej Pavelec with a rebound.
0:48 of 3rd period - Wrist shot by Seth Jones.
0:48 of 3rd period - Shot Misses the Net.
0:52 of 3rd period - Wrist shot by Matt Martin.
0:52 of 3rd period - Shot Misses the Net.
1:30 of 3rd period - Slapshot by Nathan MacKinnon.
1:30 of 3rd period - Stopped by Ondrej Pavelec without a rebound.
1:31 of 3rd period - Jamie Benn wins face-off versus Nikolaj Ehlers in Golden Knights zone.
1:44 of 3rd period - Minor Penalty to Jamie Benn for Tripping.
1:45 of 3rd period - Jake Guentzel wins face-off versus Adam Henrique in Golden Knights zone.
1:52 of 3rd period - Slapshot by Alex Pietrangelo.
1:52 of 3rd period - Stopped by Ondrej Pavelec without a rebound.
1:53 of 3rd period - Adam Henrique wins face-off versus Jake Guentzel in Golden Knights zone.
2:28 of 3rd period - Snap shot by Zach Bogosian.
2:28 of 3rd period - Shot Blocked by Alex Pietrangelo.
2:49 of 3rd period - Slapshot by Tyler Johnson.
2:49 of 3rd period - Deflect By Filip Forsberg.
2:49 of 3rd period - Shot Blocked by Olli Maatta.
2:49 of 3rd period - Puck is out of play.
2:50 of 3rd period - Nathan MacKinnon wins face-off versus Andrei Loktionov in Golden Knights zone.
2:53 of 3rd period - Snap shot by David Perron.
2:53 of 3rd period - Stopped by Ondrej Pavelec without a rebound.
2:54 of 3rd period - Nathan MacKinnon wins face-off versus Andrei Loktionov in Golden Knights zone.
3:01 of 3rd period - Slapshot by Seth Jones.
3:01 of 3rd period - Deflect By Nathan MacKinnon.
3:01 of 3rd period - Shot Misses the Net.
3:01 of 3rd period - Puck is out of play.
3:02 of 3rd period - Nathan MacKinnon wins face-off versus Steven Stamkos in Golden Knights zone.
3:29 of 3rd period - Adam Henrique is hit by Andrei Loktionov and loses puck.
3:35 of 3rd period - Off-side.
3:36 of 3rd period - Adam Henrique wins face-off versus Andrei Loktionov in neutral zone.
3:39 of 3rd period - Andrew Cogliano is hit by Seth Jones and loses puck.
3:44 of 3rd period - Penalty to Jamie Benn is over, Jamie Benn is back on ice.
4:51 of 3rd period - Slapshot by Zach Bogosian.
4:51 of 3rd period - Stopped by Thomas McCollum without a rebound.
4:52 of 3rd period - Adam Henrique wins face-off versus Steven Stamkos in Blues zone.
5:03 of 3rd period - Snap shot by Filip Forsberg.
5:03 of 3rd period - Stopped by Ondrej Pavelec without a rebound.
5:04 of 3rd period - Adam Henrique wins face-off versus Steven Stamkos in Golden Knights zone.
5:31 of 3rd period - Nathan MacKinnon is hit by Alexander Radulov and loses puck.
5:56 of 3rd period - Backhand shot by Zach Bogosian.
5:56 of 3rd period - Stopped by Thomas McCollum with a rebound.
6:19 of 3rd period - Snap shot by Danton Heinen.
6:19 of 3rd period - Shot Blocked by Luke Glendening.
6:37 of 3rd period - Icing by Cody Ceci.
6:38 of 3rd period - Adam Henrique wins face-off versus Steven Stamkos in Blues zone.
7:25 of 3rd period - Snap shot by Tyler Johnson.
7:25 of 3rd period - Deflect By Adam Henrique.
7:25 of 3rd period - Stopped by Ondrej Pavelec without a rebound.
7:26 of 3rd period - Nathan MacKinnon wins face-off versus Andrei Loktionov in Golden Knights zone.
7:26 of 3rd period - Nathan MacKinnon is hit by Zach Bogosian.
7:43 of 3rd period - Off-side.
7:44 of 3rd period - Kyle Rau wins face-off versus Drew Shore in neutral zone.
7:53 of 3rd period - Slapshot by Tom Wilson.
7:53 of 3rd period - Stopped by Thomas McCollum with a rebound.
7:59 of 3rd period - Wrist shot by Drew Shore.
7:59 of 3rd period - Shot Hit the Post.
8:45 of 3rd period - Slapshot by Steven Stamkos.
8:45 of 3rd period - Goal by Steven Stamkos - Blues : 2 - Golden Knights : 6.
8:46 of 3rd period - Adam Henrique wins face-off versus Jordan Eberle in neutral zone.
9:02 of 3rd period - Snap shot by Steven Stamkos.
9:02 of 3rd period - Stopped by Thomas McCollum with a rebound.
9:26 of 3rd period - Wrist shot by Nikolaj Ehlers.
9:26 of 3rd period - Stopped by Ondrej Pavelec with a rebound.
10:53 of 3rd period - Wrist shot by Luke Glendening.
10:53 of 3rd period - Goal by Luke Glendening - Blues : 2 - Golden Knights : 7.
10:54 of 3rd period - Adam Henrique wins face-off versus Steven Stamkos in neutral zone.
11:21 of 3rd period - Mathew Dumba is hit by Nathan MacKinnon and loses puck.
11:28 of 3rd period - Wrist shot by Andrei Loktionov.
11:28 of 3rd period - Shot Misses the Net.
11:30 of 3rd period - Slapshot by Andrew Cogliano.
11:30 of 3rd period - Shot Misses the Net.
12:09 of 3rd period - Alex Pietrangelo is hit by Jamie Oleksiak and loses puck.
12:34 of 3rd period - Off-side.
12:35 of 3rd period - Andrei Loktionov wins face-off versus Adam Henrique in neutral zone.
12:40 of 3rd period - Backhand shot by Alexander Radulov.
12:40 of 3rd period - Stopped by Thomas McCollum with a rebound.
12:42 of 3rd period - Snap shot by Andrew Cogliano.
12:42 of 3rd period - Shot Misses the Net.
12:44 of 3rd period - Snap shot by Alexander Radulov.
12:44 of 3rd period - Shot Misses the Net.
12:46 of 3rd period - Wrist shot by Alexander Radulov.
12:46 of 3rd period - Stopped by Thomas McCollum with a rebound.
12:48 of 3rd period - Wrist shot by Andrei Loktionov.
12:48 of 3rd period - Shot Misses the Net.
13:09 of 3rd period - Snap shot by Steven Stamkos.
13:09 of 3rd period - Stopped by Thomas McCollum with a rebound.
13:11 of 3rd period - Slapshot by Christopher Tanev.
13:11 of 3rd period - Shot Blocked by Martin Marincin.
13:13 of 3rd period - Snap shot by Olli Maatta.
13:13 of 3rd period - Stopped by Thomas McCollum with a rebound.
13:27 of 3rd period - Slapshot by Martin Marincin.
13:27 of 3rd period - Stopped by Ondrej Pavelec with a rebound.
13:31 of 3rd period - Snap shot by Drew Shore.
13:31 of 3rd period - Deflect By Tom Wilson.
13:31 of 3rd period - Shot Misses the Net.
13:31 of 3rd period - Puck is out of play.
13:32 of 3rd period - Steven Stamkos wins face-off versus Adam Henrique in Golden Knights zone.
13:32 of 3rd period - Steven Stamkos is hit by Tyler Johnson.
13:40 of 3rd period - Jordan Eberle is hit by Alex Pietrangelo and loses puck.
13:47 of 3rd period - Snap shot by Filip Forsberg.
13:47 of 3rd period - Stopped by Ondrej Pavelec with a rebound.
13:49 of 3rd period - Wrist shot by Adam Henrique.
13:49 of 3rd period - Shot Blocked by Jordan Eberle.
13:55 of 3rd period - Minor Penalty to Jake Guentzel for Charging.
13:56 of 3rd period - Steven Stamkos wins face-off versus Adam Henrique in Golden Knights zone.
14:09 of 3rd period - Slapshot by Filip Forsberg.
14:09 of 3rd period - Shot Misses the Net.
14:11 of 3rd period - Wrist shot by Adam Henrique.
14:11 of 3rd period - Shot Blocked by Andrew Cogliano.
14:13 of 3rd period - Snap shot by Tyler Johnson.
14:13 of 3rd period - Deflect By Adam Henrique.
14:13 of 3rd period - Stopped by Ondrej Pavelec with a rebound.
15:45 of 3rd period - Icing by Jacob Slavin.
15:46 of 3rd period - Kyle Rau wins face-off versus Adam Henrique in Blues zone.
15:47 of 3rd period - Snap shot by Lawson Crouse.
15:47 of 3rd period - Stopped by Thomas McCollum without a rebound.
15:48 of 3rd period - Kyle Rau wins face-off versus Adam Henrique in Blues zone.
15:55 of 3rd period - Penalty to Jake Guentzel is over, Jake Guentzel is back on ice.
15:59 of 3rd period - Slapshot by Zach Bogosian.
15:59 of 3rd period - Stopped by Thomas McCollum with a rebound.
16:01 of 3rd period - Snap shot by Mathew Dumba.
16:01 of 3rd period - Stopped by Thomas McCollum without a rebound.
16:02 of 3rd period - Nathan MacKinnon wins face-off versus Steven Stamkos in Blues zone.
16:07 of 3rd period - Wrist shot by Steven Stamkos.
16:07 of 3rd period - Shot Blocked by Jacob Slavin.
16:09 of 3rd period - Snap shot by Jordan Eberle.
16:09 of 3rd period - Shot Misses the Net.
16:11 of 3rd period - Snap shot by Jordan Eberle.
16:11 of 3rd period - Deflect By Steven Stamkos.
16:11 of 3rd period - Shot Misses the Net.
16:11 of 3rd period - Puck is out of play.
16:12 of 3rd period - Steven Stamkos wins face-off versus Nathan MacKinnon in Blues zone.
16:23 of 3rd period - Snap shot by Jake Guentzel.
16:23 of 3rd period - Shot Misses the Net.
16:25 of 3rd period - Slapshot by Steven Stamkos.
16:25 of 3rd period - Shot Blocked by David Perron.
16:27 of 3rd period - Snap shot by Zach Bogosian.
16:27 of 3rd period - Shot Blocked by David Perron.
17:14 of 3rd period - Wrist shot by Jordan Eberle.
17:14 of 3rd period - Stopped by Thomas McCollum with a rebound.
17:16 of 3rd period - Slapshot by Mathew Dumba.
17:16 of 3rd period - Stopped by Thomas McCollum with a rebound.
17:26 of 3rd period - Slapshot by Nikolaj Ehlers.
17:26 of 3rd period - Shot Misses the Net.
17:38 of 3rd period - Slapshot by Zach Bogosian.
17:38 of 3rd period - Stopped by Thomas McCollum without a rebound.
17:39 of 3rd period - Adam Henrique wins face-off versus Andrei Loktionov in Blues zone.
17:46 of 3rd period - Wrist shot by Filip Forsberg.
17:46 of 3rd period - Shot Misses the Net.
17:48 of 3rd period - Slapshot by Seth Jones.
17:48 of 3rd period - Shot Misses the Net.
17:50 of 3rd period - Snap shot by Adam Henrique.
17:50 of 3rd period - Shot Misses the Net.
17:52 of 3rd period - Slapshot by Filip Forsberg.
17:52 of 3rd period - Shot Misses the Net.
18:06 of 3rd period - Matt Martin is hit by Kyle Rau and loses puck.
18:14 of 3rd period - Minor Penalty to Jamie Benn for Roughing.
18:15 of 3rd period - Andrei Loktionov wins face-off versus Adam Henrique in Golden Knights zone.
18:25 of 3rd period - Snap shot by Tyler Johnson.
18:25 of 3rd period - Stopped by Ondrej Pavelec with a rebound.
18:27 of 3rd period - Slapshot by Filip Forsberg.
18:27 of 3rd period - Shot Misses the Net.
18:29 of 3rd period - Slapshot by Brandon Montour.
18:29 of 3rd period - Shot Blocked by Andrew Cogliano.
Goals for this period are 0 for Blues vs 2 for Golden Knights.
Shots for this period are 11 for Blues vs 16 for Golden Knights.